 Seeded DCSS version 0.30.1-9-gdf580d7c3d (webtiles) character file.

Game seed: 7229806256980976716 (custom seed)

178 Psyclone the Magician (level 5, -3/31 HPs)
             Began as an Octopode Venom Mage on Oct 3, 2023.
             Slain by a wyvern zombie (5 damage)
             ... on level 3 of the Dungeon.
             The game lasted 00:07:43 (3064 turns).

Psyclone the Magician (Octopode Venom Mage)         Turns: 3064, Time: 00:07:43

Health: -3/31      AC:  4    Str: 12    XL:     5   Next: 58%
Magic:  12/20      EV: 12    Int: 26    God:
Gold:   138        SH:  0    Dex:  7    Spells: 2/13 levels left

rFire   + . .        a - +3 Elemental Staff {rElec rF+ rC+ AC+3}
rCold   + + +        (no shield)
rNeg    . . .        (helmet restricted)
rPois   +            (no amulet)
rElec   +            e - ring of the Mage {Wiz Archmagi}
rCorr   .            f - ring "Yjoxom" {Contam rPois rC++ MP+9 Int+8 Dex-4}
SInv    +            (no ring)
Will    .....        (no ring)
Stlth   +++          (no ring)
HPRegen 0.25/turn    (no ring)
MPRegen 0.17/turn    (no ring)
                     (no ring)

%: wizardry (x1), archmagi
@: very slightly contaminated
A: almost no armour, amphibious, 8 rings, camouflage 1, gelatinous body 1,
(nimble swimmer 1), tentacles, see invisible, strong 1, wild magic 1
a: no special abilities


You were on level 3 of the Dungeon.
You visited 1 branch of the dungeon, and saw 3 of its levels.

You collected 138 gold pieces.

Inventory:

Hand Weapons
 a - the +3 Elemental Staff (weapon) {rElec rF+ rC+ AC+3}
   (You acquired it on level 1 of the Dungeon)

   It enhances your fire, ice, earth and air magic.
   AC:        It affects your AC (+3).
   rF:        It protects you from fire.
   rC:        It protects you from cold.
   rElec:     It insulates you from electricity.
Missiles
 n - a throwing net {!f}
Jewellery
 e - the ring of the Mage (left tentacle) {Wiz Archmagi}
   (You acquired it on level 1 of the Dungeon)

   [ring of wizardry]

   It improves your spell success rate.
   Archmagi:  It increases the power of your magical spells.
 f - the ring "Yjoxom" (right tentacle) {Contam rPois rC++ MP+9 Int+8 Dex-4}
   (You acquired it on level 1 of the Dungeon)

   [ring of magical power]

   Int:       It affects your intelligence (+8).
   Dex:       It affects your dexterity (-4).
   rC:        It greatly protects you from cold.
   rPois:     It protects you from poison.
   MP:        It affects your magic capacity (+9).
   Contam:    It causes magical contamination when unequipped.
Scrolls
 b - 3 scrolls of amnesia {unknown}
 d - 2 scrolls of blinking {unknown}
 g - 4 scrolls of identify {unknown}
 k - a scroll of enchant armour {unknown}
 m - a scroll of teleportation {unknown}
 p - a scroll of poison {unknown}
Potions
 c - a potion of magic
 h - 2 potions of brilliance {unknown}
 i - a potion of invisibility {unknown}
 j - 2 potions of curing {unknown}
 l - a potion of might {unknown}
 o - a potion of mutation


   Skills:
 - Level 2.0 Dodging
 - Level 2.6 Stealth
 + Level 4.5 Spellcasting
 + Level 2.5 Necromancy
 - Level 1.0 Transmutations
 - Level 3.6 Poison Magic


You had 2 spell levels left.
You knew the following spells:

 Your Spells              Type           Power      Damage    Failure   Level
a - Poisonous Vapours     Pois/Air       88%        N/A       4%          2
b - Dispel Undead         Necr           37%        3d15      16%         4
v - Sting                 Tmut/Pois      100%       1d8       2%          1
x - Olgreb's Toxic Radia  Pois           48%        N/A       11%         4

Your spell library contained the following spells:

 Spells                   Type           Power      Damage    Failure   Level
 Cigotuvi's Dreadful Rot  Necr/Pois/Air  96%        N/A       3%          2
 Mephitic Cloud           Conj/Pois/Air  35%        N/A       9%          3
 Freezing Cloud           Conj/Ice/Air   12%        6-21      69%         5
 Death Channel            Necr           18%        N/A       88%         6


Dungeon Overview and Level Annotations

Branches:
Dungeon (3/15) Zot: 14922

Altars:
Zin

Annotations:
D:3 kaesle's ghost, amateur HuCj


Innate Abilities, Weirdness & Mutations

You cannot wear most types of armour.
You are amphibious.
You can wear up to eight rings at the same time.
Your skin changes colour to match your surroundings (Stealth+).
Your rubbery body absorbs attacks. (AC +1, EV +1)
((You are camouflaged when in or above water. (Stealth+)))
You have tentacles for arms and can constrict up to eight enemies at once.
You have supernaturally acute eyesight. (SInv)
Your muscles are strong. (Str +4, Int/Dex -1)
Your spells are a little harder to cast, but a little more powerful.


Message History

Health restored: 31
There is an escape hatch in the floor here.
Kaesle's ghost screams, "Zot is a myth, the ORB is a fable, you'll soon be a tale!"
Kaesle's ghost screams, "There is no future for me!"
You see here 6 stones.
MP restored: 20 You see here 5 stones.
Kaesle's ghost makes a sound of rattling chains.
There is an escape hatch in the ceiling here.
A mysterious force pulls you upwards. The hatch slams shut behind you.
You start waiting.
Done waiting.
(D) Dungeon
Where to? (Enter - D:3 @ (x,y), ? - help)
There is a stone staircase leading down here.
You climb downwards.
Level annotation: kaesle's ghost, amateur HuCj
There is a stone staircase leading up here.
You completely miss the wyvern zombie. The wyvern zombie bites you! x2
You take 17 damage, and have 14/31 hp.
MASSIVE DAMAGE!!
Casting: Dispel Undead (extremely dangerous; 16% risk of failure)
Confirm with . or Enter, or press ? or * to list all spells.
The spell is extremely dangerous to miscast (16% risk of failure)!
Continue anyway?
Aiming: Dispel Undead (extremely dangerous; 16% risk of failure)
Press: ? - help, Shift-Dir - straight line, f - wyvern zombie
Aim: a wyvern zombie (100% to hit)
You feel a surge of power!
The wyvern zombie is dispelled!!
The wyvern zombie bites you!
* * * LOW HITPOINT WARNING * * *
You take 12 damage, and have 2/31 hp.
MASSIVE DAMAGE!!
You now have 16/20 mp.
Casting: Dispel Undead (extremely dangerous; 16% risk of failure)
Confirm with . or Enter, or press ? or * to list all spells.
The spell is extremely dangerous to miscast (16% risk of failure)!
Continue anyway?
Aiming: Dispel Undead (extremely dangerous; 16% risk of failure)
Press: ? - help, Shift-Dir - straight line, f/p - wyvern zombie
Aim: a wyvern zombie (severely damaged, 100% to hit)
You feel a surge of power!
You miscast Dispel Undead.
You are very lightly contaminated with residual magic.
Nothing appears to happen.
The wyvern zombie bites you.
You die...

##..W##Z....#
###.###
##....Z......#
##...#
#............#
####..###
#.........Z..#
#.....#
#............##
#.##.<#
##............#
#.##..#
##....#...##.###
###.##..## ##
####.######.Z.#
##...##...# .# #..#
###@###..###..#.# .#
##.# #.##..####.##.#
.## #.# #.##.##
#..##.## ..### #.#
###.##.####.###..#
#...## #.#
#...........# ##.#
###..# #.#
#..........## #.#
##.# #.#
#..........# #.# #.#
#.#
#........).#####.###
#.###.#
#..........#........


You could see a wyvern zombie and a bullfrog skeleton.

Vanquished Creatures
  A jelly (D:2)
  A bullfrog skeleton (D:3)
  4 adders (D:2)
  An ufetubus (D:3)
  3 worms
  5 bats
  4 endoplasms
  5 giant cockroaches
  2 goblins
  5 hobgoblins
  18 jackals
  4 quokkas
  6 ball pythons
  A frilled lizard (D:1)
  4 rats
64 creatures vanquished.

Notes
Turn   | Place    | Note
-------+----------+-------------------------------------------
     0 | D:1      | Psyclone the Octopode Venom Mage began the quest for the
                  | Orb.
     0 | D:1      | Reached XP level 1. HP: 11/11 MP: 3/3
    80 | D:1      | Identified 3 scrolls of acquirement
    80 | D:1      | Acquired the ring of the Mage {Wiz Archmagi}
    80 | D:1      | Found the ring of the Mage {Wiz Archmagi}
    86 | D:1      | Acquired the ring "Yjoxom" {Contam rPois rC++ MP+9 Int+8
                  | Dex-4}
   207 | D:1      | Acquired the +3 Elemental Staff {rElec rF+ rC+ AC+3}
   207 | D:1      | Found the +3 Elemental Staff {rElec rF+ rC+ AC+3}
   478 | D:1      | Gained mutation: Your spells are a little harder to cast,
                  | but a little more powerful. [potion of mutation]
   478 | D:1      | Gained mutation: Your muscles are strong. (Str +4, Int/Dex
                  | -1) [potion of mutation]
   478 | D:1      | Gained mutation: You have supernaturally acute eyesight.
                  | (SInv) [potion of mutation]
   608 | D:1      | Reached XP level 2. HP: 11/17 MP: 5/5
   651 | D:1      | Learned a level 2 spell: Poisonous Vapours
   779 | D:2      | Reached skill level 3 in Spellcasting
   867 | D:2      | Reached XP level 3. HP: 20/21 MP: 7/7
  1308 | D:2      | Reached XP level 4. HP: 27/27 MP: 9/9
  1317 | D:2      | Reached skill level 1 in Necromancy
  1355 | D:2      | Learned a level 4 spell: Olgreb's Toxic Radiance
  1448 | D:2      | Reached skill level 4 in Spellcasting
  1701 | D:1      | Reached XP level 5. HP: 31/31 MP: 11/11
  2333 | D:3      | Found a runed translucent gate.
  2333 | D:3      | Found a runed translucent gate.
  2333 | D:3      | Found a runed translucent gate.
  2348 | D:3      | Learned a level 4 spell: Dispel Undead
  2437 | D:3      | Noticed kaesle's ghost (amateur HuCj)
  2679 | D:3      | Found a glowing silver altar of Zin.
  3064 | D:3      | Slain by a wyvern zombie

Illustrated notes

Levels and vault maps discovered:
D:1:      spicycebolla_arrival_ecumenical, layout_loops_ring
D:2:      layout_basic
D:3:      layout_rooms, mainiacjoe_overflow_paths, gammafunk_ghost_necromancy

Skill      XL: |  1  2  3  4  5 |
---------------+----------------+-----
Spellcasting   | 3 4 |  4.5
Necromancy     | 1 2 |  2.5
Dodging        | |  2.0
Stealth        | |  2.6
Transmutations | |  1.0
Poison Magic   | |  3.6

Action                     |  1- 3 |  4- 6 || total
---------------------------+-------+-------++-------
  Melee: Staff             |    38 |    34 ||    72
         Tentacles         |     7 |     8 ||    15
         Constrict         |    11 |     8 ||    19
   Cast: Sting             |     9 |     6 ||    15
         Poisonous Vapours |    10 |    32 ||    42
         Olgreb's Toxic Ra |       |     1 ||     1
         Dispel Undead     |       |     3 ||     3
    Use: Scroll            |     3 |       ||     3
         Potion            |     1 |       ||     1
   Stab: Sleeping          |     3 |     2 ||     5
 Armour: Skin              |    10 |    11 ||    21
  Dodge: Dodged            |    27 |    42 ||    69
